AoeStats
← Goffy2938

Pilgrims

509151885Analyzed
4v4 RM · 8d ago on Sep 25, 2026· 48m 50s· 8 players
Game mode
Random Map
Map size
Large (8 player)
Population
200
Speed
Normal
Resources
Standard
Victory
Conquest
Starting age
Dark Age
Ending age
Imperial Age
RankedLock teamsTeams togetherTeam positionsShared explorationLock speedFull tech treeHidden civsTurbo modeCheats
Victory
Defeat
🇺🇸 Dravidians · United States
947
+15
🇬🇧 Malay · United Kingdom
942
+15
🇲🇽 Byzantines · Mexico
940
+15
🇹🇷 Spanish · Türkiye
931
+16
🇸🇪 Varangians · Sweden
992
-17
🇬🇧 Goths · United Kingdom
916
-15
🇬🇧 Chinese · United Kingdom
910
-42
🇬🇧 Spanish · United Kingdom
897
-14
nerowichi
16:34 Feudal Age
17:19 Double-Bit Axe
17:19 Fishing Lines
21:21 Gold Mining
24:14 Castle Age
22:31 Scale Barding Armor
22:59 Bloodlines
25:08 Husbandry
25:36 Chain Barding Armor
25:25 Fletching
25:38 Horse Collar
30:49 Heavy Plow
31:02 Bow Saw
30:59 Gillnets
35:58 Imperial Age
34:27 Forging
34:13 Bodkin Arrow
36:53 Wheelbarrow
36:55 Iron Casting
36:47 Ballistics
38:10 Hand Cart
38:20 Cavalier
39:35 Caravan
42:23 Conscription
43:45 Paladin
45:04 Plate Barding Armor
45:31 Blast Furnace
44:35 Bracer
49:28 Two-Man Saw
bergiebird
6:46 Loom
12:34 Feudal Age
13:13 Fishing Lines
13:47 Town Watch
14:38 Wheelbarrow
14:47 Double-Bit Axe
17:30 Castle Age
15:52 Fletching
19:01 Bow Saw
22:01 Imperial Age
19:36 Bodkin Arrow
20:15 Gillnets
20:54 Ballistics
20:48 Clinker Construction
20:50 Careening
21:21 Ballistics
22:07 Hand Cart
23:48 Shipwright
25:23 Dry Dock
25:24 Carvel Hull
25:44 Bracer
28:07 Chemistry
30:43 Two-Man Saw
29:54 Thumb Ring
30:02 Masonry
29:48 Murder Holes
31:12 Elite Cannon Galleon
31:21 Elite Cannon Galleon
45:37 Forging
45:28 Scale Mail Armor
46:57 Iron Casting
45:44 Man-at-Arms
46:09 Gambesons
46:25 Squires
46:13 Arson
46:54 Long Swordsman
47:58 Chain Mail Armor
48:56 Squires
48:21 Two-Handed Swordsman
48:51 Arson
49:56 Plate Mail Armor
50:26 Blast Furnace
bangoboom
14:52 Feudal Age
14:50 Loom
14:47 Fishing Lines
18:16 Fletching
22:36 Double-Bit Axe
25:22 Castle Age
23:18 Stone Mining
23:19 Gold Mining
25:20 Bodkin Arrow
25:38 Medium Warships
25:19 Gillnets
27:19 Gold Shaft Mining
27:19 Stone Shaft Mining
26:55 Thalassocracy
27:21 Ballistics
28:48 Guard Tower
30:40 Forging
43:25 Imperial Age
43:06 Iron Casting
43:25 Conscription
46:19 Elite Karambit Warrior
Neto
9:32 Loom
13:40 Feudal Age
14:12 Double-Bit Axe
17:27 Fletching
18:21 Padded Archer Armor
20:25 Castle Age
21:22 Bodkin Arrow
21:58 Crossbowman
24:06 Bow Saw
23:40 Horse Collar
36:05 Gold Mining
36:52 Wheelbarrow
40:04 Imperial Age
41:47 Conscription
42:32 Chemistry
41:24 Arbalester
42:10 Thumb Ring
42:10 Bracer
42:27 Leather Archer Armor
45:25 Heavy Plow
45:43 Hand Cart
46:31 Elite Skirmisher
47:45 Ring Archer Armor
Louis Theroux
14:55 Feudal Age
18:59 Castle Age
17:55 Double-Bit Axe
20:25 Bow Saw
19:58 Horse Collar
20:10 Stone Mining
20:12 Gold Mining
20:09 Fishing Lines
20:32 Loom
22:58 Stone Shaft Mining
26:01 Wheelbarrow
25:11 Town Watch
27:14 Hand Cart
35:09 Imperial Age
32:39 Town Patrol
33:11 Fletching
33:21 Padded Archer Armor
33:39 Fortified Wall
33:50 Ballistics
35:00 Bodkin Arrow
35:20 Leather Archer Armor
35:16 Forging
35:06 Scale Mail Armor
35:21 Elite Conquistador
36:21 Conscription
36:33 Bracer
35:57 Elite Skirmisher
36:43 Thumb Ring
37:38 Ring Archer Armor
37:27 Scale Barding Armor
38:54 Iron Casting
38:35 Chain Mail Armor
40:12 Chemistry
42:03 Bloodlines
41:13 Light Cavalry
41:54 Husbandry
42:17 Pikeman
48:04 Chain Barding Armor
48:46 Blast Furnace
47:10 Hussar
Goffy2938
15:43 Feudal Age
15:55 Man-at-Arms
18:18 Wheelbarrow
21:01 Fishing Lines
28:40 Double-Bit Axe
32:13 Castle Age
EveningSwan
5:01 Loom
12:08 Feudal Age
12:46 Double-Bit Axe
19:12 Castle Age
17:27 Stone Mining
17:28 Gold Mining
18:20 Fishing Lines
18:56 Bloodlines
22:31 Husbandry
Sye the Red Voice
4:08 Loom
17:07 Feudal Age
18:30 Wheelbarrow
17:43 Double-Bit Axe
17:50 Gold Mining
17:42 Horse Collar
17:53 Stone Mining
19:05 Fletching
19:15 Padded Archer Armor
19:45 Man-at-Arms
22:29 Forging
23:24 Scale Mail Armor
29:27 Castle Age
36:47 Bow Saw
36:05 Pikeman
37:43 Hand Cart
38:17 Anarchy
39:41 Iron Casting
40:54 Chain Mail Armor
40:59 Town Watch
44:31 Squires
48:20 Imperial Age
48:24 Elite Huskarl
Connection lost

Rejoining the realm…

Still unreachable

The connection could not be restored.

Session expired

The server has moved on; the page needs a fresh start.